 Dungeon Crawl Stone Soup version 0.31-a0-221-gbddc013574 (webtiles) character file.

Game seed: 17396320663827716633

1783 qw the Cleaver (level 9, -12/55 HPs)
             Began as a Gargoyle Fighter on July 3, 2023.
             Killed by divine providence
             ... invoked by an orc priest
              (13 damage)
             ... on level 7 of the Dungeon.
             The game lasted 00:02:56 (6320 turns).

qw the Cleaver (Gargoyle Fighter)                   Turns: 6320, Time: 00:02:56

Health: -12/55     AC: 23    Str: 24    XL:     9   Next: 8%
Magic:  9/9        EV: 14    Int:  9    God:
Gold:   470        SH:  4    Dex:  9    Spells: 8/8 levels left

rFire   . . .        Y - +0 war axe
rCold   . . .        c - +0 buckler
rNeg    + . .        l - +0 chain mail
rPois   inf          (no helmet)
rElec   +            q - +0 cloak
rCorr   .            (no gloves)
SInv    .            f - +1 pair of boots
Will    .....        (no amulet) Stlth
                     j - +5 ring of evasion
HPRegen 0.29/turn    b - +4 ring of protection
MPRegen 0.11/turn

%: no passive effects
@: about to teleport
A: sickness immunity, AC +6, negative energy resistance 1, electricity
resistance, torment resistance 1, petrification resistance
a: no special abilities


You were on level 7 of the Dungeon.
You visited 2 branches of the dungeon, and saw 9 of its levels.

You collected 470 gold pieces.


Innate Abilities, Weirdness & Mutations

You are immune to sickness and miasma.
Your stone body is resilient. (AC +6)
You are immune to poison.
You resist negative energy. (rN+)
You are resistant to electric shocks. (rElec)
You are resistant to unholy torment.
You are immune to petrification.


   Skills:
 - Level 6.0 Fighting
 + Level 8.7 Axes
 - Level 2.1 Throwing
 - Level 4.0 Armour
 - Level 2.4 Dodging
 - Level 3.2 Shields


You had 8 spell levels left.
You didn't know any spells.
Your spell library was empty.

Inventory:

Hand Weapons
 s - a +0 flail
 t - a +2 mace of holy wrath
 Y - a +0 war axe (weapon)
Missiles
 h - 17 boomerangs (quivered)
 r - a javelin
Armour
 c - a +0 buckler (worn)
 f - a +1 pair of boots (worn)
 l - a +0 chain mail (worn)
 q - a +0 cloak (worn)
Jewellery
 b - a +4 ring of protection (right hand)
 j - a +5 ring of evasion (left hand)
 o - a ring of protection from cold
Scrolls
 n - a scroll of identify
 p - 2 scrolls of teleportation
Potions
 a - 3 potions of curing
 d - 2 potions of might
 e - a potion of enlightenment
 g - a potion of attraction
 i - a potion of lignification
 k - a potion of mutation
 m - a potion of haste

Dungeon Overview and Level Annotations

Branches:
Dungeon (8/15)             Temple (1/1) D:6
   Lair: D:8-11

Altars:
Ashenzari
Dithmenos
Elyvilon
Fedhas
Gozag
Nemelex Xobeh
Qazlal
Ru
Sif Muna
Uskayaw
Vehumet
Xom
Yredelemnul
Zin
The Shining One

Annotations:
D:5 3 runed translucent doors, qw's ghost, novice GrHs


Message History

There is a stone staircase leading down here.
Enter note:
Enter note:
Enter note:
Enter note:
Enter note:
Enter note: You hit the orc wizard.
The orc wizard is severely wounded.
You barely miss the orc priest. You hit the orc warrior.
You closely miss the orc priest. You block the orc wizard's attack.
The orc warrior hits you with a +0 scimitar!
The orc priest barely misses you.
The orc priest calls upon Beogh to heal the orc wizard.
The orc wizard is healed somewhat.
You slash the orc warrior!
The orc warrior is almost dead.
You hit the orc priest. You closely miss the orc wizard.
You slash the orc priest!
The orc wizard hits you with a +1 dagger of holy wrath.
The orc warrior closely misses you.
The orc priest mumbles some strange prayers to Beogh against you.
Beogh smites you! The orc priest barely misses you.
6319 ||| READING 3 scrolls of teleportation.
As you read the scroll of teleportation, it crumbles to dust.
You feel strangely unstable. The orc wizard closely misses you.
The orc warrior closely misses you.
The orc priest hits you but does no damage.
The orc priest casts a cantrip, but nothing happens.
You hit the orc warrior but do no damage.
The orc warrior is almost dead.
You barely miss the orc priest. x2; You miss the orc wizard.
The orc wizard misses you.
The orc warrior hits you with a +0 scimitar.
The orc priest mumbles some strange prayers to Beogh against you.
You are unaffected.
The orc priest mumbles some strange prayers to Beogh against you.
Beogh smites you!
You die...

~.~.###########.## ##.......#
~.~.##.....#.....#### #..#>....#
~.~.#.......<.......###.########
~¤~.....................##
¤.¤...)............###...###
~¤¤..[.<...........##..#...####
.¤¤...................##......#
#=.#........)....o.#####....[.#
#.###...........@.## #.[....#
#.# ##.........ooo######......#
..# ######....##.............#
.## ##........##########......#
.# ##..######.## #.....)#
.###..## #..# #......# .##..##
##.# #......# .##.## #.#
######## .##.# #.#


You could see an orc warrior, 2 orc priests and an orc wizard.

Vanquished Creatures
  Eustachio (D:5)
  A water moccasin (D:5)
  A sky beast (D:6)
  An orc warrior (D:6)
  3 black bears
  2 ogres (D:6)
  A phantom (D:5)
  A centaur (D:6)
  A scorpion (D:5)
  A howler monkey (D:7)
  A crimson imp (D:7)
  4 hounds
  A jelly (D:5)
  3 orc priests
  An iguana (D:5)
  3 orc wizards
  8 gnolls
  5 adders
  4 white imps
  2 ufetubi
  A worm (D:2)
  2 dart slugs
  22 orcs
  8 endoplasms
  2 giant cockroaches
  10 goblins
  8 hobgoblins
  4 jackals (D:1)
  3 quokkas
  8 ball pythons
  2 bats (D:3)
  2 frilled lizards
  6 kobolds
  5 rats
128 creatures vanquished.

Notes
Turn   | Place    | Note
-------+----------+-------------------------------------------
     0 | D:1      | qw the Gargoyle Fighter began the quest for the Orb.
     0 | D:1      | Reached XP level 1. HP: 14/14 MP: 1/1
     0 | D:1      | 0 ||| qw: Version: 0.3-a-40-ge99b1a8
     0 | D:1      | 0 ||| qw: Game counter: 559
     0 | D:1      | 0 ||| qw: Melee chars always use a shield: true
     0 | D:1      | 0 ||| qw: God list: Okawaru
     0 | D:1      | 0 ||| qw: Allow faded altars: false
     0 | D:1      | 0 ||| qw: Do Orc after clearing Dungeon:15 true
     0 | D:1      | 0 ||| qw: Do second Lair branch before Depths: true
     0 | D:1      | 0 ||| qw: Lair rune preference: random
     0 | D:1      | 0 ||| qw: Goals: Normal, Zot:1-4, Slime:5, God:TSO, Crypt,
                  | Tomb, Abyss, Pan, Hells, Win
     0 | D:1      | 0 ||| PLANNING D:1-11
   101 | D:1      | 101 ||| Stepping ~*~*~tactically~*~*~ (hiding).
   102 | D:1      | 102 ||| Stepping ~*~*~tactically~*~*~ (hiding).
   112 | D:1      | Reached skill level 2 in Axes
   149 | D:1      | Reached XP level 2. HP: 19/19 MP: 2/2
   156 | D:1      | 156 ||| Stepping ~*~*~tactically~*~*~ (stealth).
   197 | D:1      | 197 ||| Stepping ~*~*~tactically~*~*~ (stealth).
   203 | D:1      | 203 ||| Stepping ~*~*~tactically~*~*~ (stealth).
   205 | D:1      | 205 ||| Stepping ~*~*~tactically~*~*~ (stealth).
   344 | D:1      | 344 ||| Stepping ~*~*~tactically~*~*~ (hiding).
   352 | D:1      | Reached skill level 3 in Axes
   598 | D:1      | Reached XP level 3. HP: 23/23 MP: 3/3
   828 | D:1      | 828 ||| UPGRADING to +0 pair of boots.
   833 | D:1      | 833 ||| UPGRADING to +5 ring of evasion.
   834 | D:1      | 834 ||| READING scroll labelled XONOTA RANA.
   837 | D:1      | 837 ||| READING 2 scrolls labelled CAISEASCHOG.
   838 | D:1      | 838 ||| READING scroll labelled WASIOB IQUN.
   839 | D:1      | 839 ||| DROPPING scroll of blinking.
  1135 | D:2      | 1135 ||| DROPPING +0 mace.
  1641 | D:2      | 1641 ||| READING scroll labelled ZORAYN SAAR.
  1642 | D:2      | 1642 ||| READING scroll labelled VAOT TUROOSSU.
  1643 | D:2      | 1643 ||| DRINKING 2 orange potions.
  1644 | D:2      | 1644 ||| DRINKING 2 blue potions.
  1645 | D:2      | 1645 ||| DROPPING potion of degeneration.
  1682 | D:3      | 1682 ||| STAIRDANCE
  1717 | D:3      | Reached XP level 4. HP: 28/28 MP: 4/4
  1825 | D:3      | Reached skill level 4 in Axes
  2038 | D:3      | 2038 ||| Stepping ~*~*~tactically~*~*~ (stealth).
  2039 | D:3      | 2039 ||| Stepping ~*~*~tactically~*~*~ (stealth).
  2144 | D:3      | Found a faded altar of an unknown god.
  2242 | D:3      | 2242 ||| DROPPING +6 ring of intelligence.
  2243 | D:3      | 2243 ||| UPGRADING to ring of protection from cold.
  2244 | D:3      | 2244 ||| READING scroll labelled AZIURI NENALE.
  2292 | D:4      | 2292 ||| Stepping ~*~*~tactically~*~*~ (stealth).
  2354 | D:4      | Reached XP level 5. HP: 23/32 MP: 5/5
  2431 | D:4      | 2431 ||| SWAPPING to +4 hand axe of flaming.
  2432 | D:4      | 2432 ||| DROPPING +0 morningstar.
  2510 | D:4      | Found a sparkling altar of Nemelex Xobeh.
  2575 | D:4      | Noticed a black bear
  2584 | D:4      | Killed a black bear
  2585 | D:4      | Reached skill level 5 in Axes
  2687 | D:4      | Reached XP level 6. HP: 36/38 MP: 6/6
  2719 | D:4      | Noticed a black bear
  2727 | D:4      | Killed a black bear
  2823 | D:4      | 2823 ||| Stepping ~*~*~tactically~*~*~ (stealth).
  2824 | D:4      | 2824 ||| Stepping ~*~*~tactically~*~*~ (stealth).
  2889 | D:4      | 2889 ||| READING scroll of enchant armour.
  2889 | D:4      | 2889 ||| ENCHANTING +0 pair of boots.
  3202 | D:4      | 3202 ||| UPGRADING to +0 chain mail.
  3212 | D:4      | 3212 ||| DROPPING +0 scale mail.
  3213 | D:4      | 3213 ||| UPGRADING to +0 cloak.
  3218 | D:4      | 3218 ||| READING scroll labelled ESEVAN KIAQUM.
  3219 | D:4      | 3219 ||| READING 2 scrolls labelled XAMOBE CIUGG.
  3220 | D:4      | 3220 ||| DRINKING 2 viscous clear potions.
  3221 | D:4      | 3221 ||| READING 2 scrolls of identify.
  3221 | D:4      | 3221 ||| IDENTIFYING silvery potion
  3222 | D:4      | 3222 ||| DROPPING scroll of vulnerability.
  3277 | D:5      | Entered Level 5 of the Dungeon
  3317 | D:5      | Found a runed translucent gate.
  3317 | D:5      | Found a runed translucent gate.
  3317 | D:5      | Found a runed translucent gate.
  3321 | D:5      | Noticed qw's ghost (novice GrHs)
  3330 | D:5      | Identified the +10 hand axe of Simom {heavy, MP+9}
  3332 | D:5      | Noticed a black bear
  3338 | D:5      | Killed a black bear
  3339 | D:5      | Reached skill level 6 in Axes
  3339 | D:5      | Reached XP level 7. HP: 44/44 MP: 7/7
  3430 | D:5      | Noticed Eustachio
  3445 | D:5      | Killed Eustachio
  3769 | D:5      | Found a glowing silver altar of Zin.
  3769 | D:5      | Noticed an angel
  3866 | D:5      | Found an opulent altar of Gozag.
  3871 | D:5      | Reached skill level 7 in Axes
  3915 | D:5      | Reached XP level 8. HP: 48/48 MP: 8/8
  4213 | D:5      | Reached skill level 1 in Throwing
  4290 | D:5      | 4290 ||| UPGRADING to +4 ring of protection.
  4292 | D:5      | 4292 ||| READING scroll labelled QECAMA CUST.
  4293 | D:5      | 4293 ||| SWAPPING to +0 war axe.
  4294 | D:5      | 4294 ||| DROPPING +4 hand axe of chaos.
  4295 | D:5      | 4295 ||| READING 2 scrolls of identify.
  4295 | D:5      | 4295 ||| IDENTIFYING bubbling coppery potion
  4369 | D:6      | Found a white marble altar of Elyvilon.
  4370 | D:6      | 4370 ||| Stepping ~*~*~tactically~*~*~ (hiding).
  4371 | D:6      | 4371 ||| Stepping ~*~*~tactically~*~*~ (stealth).
  4372 | D:6      | 4372 ||| Stepping ~*~*~tactically~*~*~ (stealth).
  4390 | D:6      | 4390 ||| Stepping ~*~*~tactically~*~*~ (stealth).
  4391 | D:6      | 4391 ||| Stepping ~*~*~tactically~*~*~ (stealth).
  4392 | D:6      | 4392 ||| Stepping ~*~*~tactically~*~*~ (stealth).
  4393 | D:6      | 4393 ||| Stepping ~*~*~tactically~*~*~ (stealth).
  4394 | D:6      | 4394 ||| Stepping ~*~*~tactically~*~*~ (stealth).
  4402 | D:6      | 4402 ||| Stepping ~*~*~tactically~*~*~ (stealth).
  4412 | D:6      | 4412 ||| DRINKING 3 potions of curing.
  4412 | D:6      | 4412 ||| (to cure confusion)
  4442 | D:6      | 4442 ||| DROPPING +0 club.
  4461 | D:6      | 4461 ||| Stepping ~*~*~tactically~*~*~ (stealth).
  4655 | D:6      | 4655 ||| Stepping ~*~*~tactically~*~*~ (hiding).
  4656 | D:6      | 4656 ||| Stepping ~*~*~tactically~*~*~ (hiding).
  4658 | D:6      | 4658 ||| Stepping ~*~*~tactically~*~*~ (hiding).
  4764 | D:6      | Reached skill level 8 in Axes
  4805 | D:6      | Found a staircase to the Ecumenical Temple.
  4806 | D:6      | 4806 ||| PLANNING TEMPLE
  4806 | D:6      | 4806 ||| READING scroll labelled WASISYCZIO.
  4807 | D:6      | 4807 ||| READING scroll labelled GEMNI KENI.
  4808 | D:6      | 4808 ||| READING 2 scrolls of identify.
  4808 | D:6      | 4808 ||| IDENTIFYING red potion
  4809 | D:6      | 4809 ||| DROPPING potion of brilliance.
  4816 | Temple   | Entered the Ecumenical Temple
  4960 | Temple   | 4960 ||| PLANNING D:1-11
  5057 | D:6      | Reached skill level 6 in Fighting
  5168 | D:6      | 5168 ||| Stepping ~*~*~tactically~*~*~ (hiding).
  5328 | D:6      | 5328 ||| Stepping ~*~*~tactically~*~*~ (hiding).
  5539 | D:6      | 5539 ||| READING 2 scrolls of identify.
  5539 | D:6      | 5539 ||| IDENTIFYING amethyst potion
  5693 | D:7      | 5693 ||| Stepping ~*~*~tactically~*~*~ (stealth).
  5807 | D:7      | 5807 ||| Stepping ~*~*~tactically~*~*~ (stealth).
  5808 | D:7      | 5808 ||| Stepping ~*~*~tactically~*~*~ (stealth).
  5813 | D:7      | 5813 ||| Stepping ~*~*~tactically~*~*~ (hiding).
  5814 | D:7      | 5814 ||| Stepping ~*~*~tactically~*~*~ (hiding).
  5815 | D:7      | 5815 ||| Stepping ~*~*~tactically~*~*~ (hiding).
  5828 | D:7      | Reached XP level 9. HP: 53/55 MP: 9/9
  5912 | D:7      | Found a broken altar of Ashenzari.
  5988 | D:7      | Found a flagged portal.
  6149 | D:7      | 6149 ||| Stepping ~*~*~tactically~*~*~ (hiding).
  6150 | D:7      | 6150 ||| Stepping ~*~*~tactically~*~*~ (hiding).
  6151 | D:7      | 6151 ||| Stepping ~*~*~tactically~*~*~ (hiding).
  6153 | D:7      | 6153 ||| Stepping ~*~*~tactically~*~*~ (hiding).
  6154 | D:7      | 6154 ||| Stepping ~*~*~tactically~*~*~ (hiding).
  6155 | D:7      | 6155 ||| Stepping ~*~*~tactically~*~*~ (hiding).
  6156 | D:7      | 6156 ||| Stepping ~*~*~tactically~*~*~ (hiding).
  6279 | D:7      | 6279 ||| DROPPING ring of see invisible.
  6280 | D:7      | 6280 ||| READING scroll labelled IMEEKH EL DIF.
  6281 | D:7      | 6281 ||| READING 2 scrolls of identify.
  6281 | D:7      | 6281 ||| IDENTIFYING murky yellow potion
  6315 | D:8      | 6315 ||| STAIRDANCE
  6318 | D:7      | HP: 4/55 [orc priest/divine providence (14)]
  6319 | D:7      | 6319 ||| READING 3 scrolls of teleportation.
  6320 | D:7      | HP: 1/55 [orc warrior/+0 scimitar (4)]
  6320 | D:7      | Killed from afar by an orc priest

Levels and vault maps discovered:
D:1:      dpeg_arrival_round_b, layout_loops_ring
D:2:      layout_basic
D:3:      layout_basic, shapermc_ecumenical_altar_mp_urbaneastern,
          grunt_ministairs_6, minmay_ruptured
D:4:      black_bear_nest_1, layout_gridville, nemelex_spade_bored_becter
D:5:      layout_cave_pods, nicolae_gozag_seed_capital, zin_angel,
          gammafunk_ghost_split, hangedman_decor_lopped, minmay_statues_item,
          uniq_eustachio
D:6:      layout_loops_cross, old_standard_altar,
          minmay_temple_entry_statues_fountains, minmay_misc_feat_encased,
          fountainhead, uniq_crazy_yiuf_cottage
D:7:      layout_rooms, mainiacjoe_overflow_concentric_impassable,
          enter_bailey_5, minmay_fire_ice_demons
D:8:      minmay_separated_statues, layout_basic, amcnicky_altar_gilded,
          nicolae_hepliaklqana_monster_ancestors, mainiacjoe_overflow_swirl,
          serial_shops, nicolae_shop_stone, uniq_erica
Temple:   nicolae_temple_bog_church

Skill      XL: |  1  2  3  4  5  6  7  8 |
---------------+-------------------------+-----
Axes           | 2 3 4 5 6 7 8 |  8.7
Fighting       | 4 6 |  6.0
Dodging        | 2 |  2.4
Throwing       | 2 |  2.1
Armour         | 4 |  4.0
Shields        | |  3.2

Action                     |  1- 3 |  4- 6 |  7- 9 || total
---------------------------+-------+-------+-------++-------
  Melee: War axe           |   100 |    52 |   121 ||   273
         Hand axe          |       |    35 |    67 ||   102
  Throw: Boomerang         |       |    60 |    57 ||   117
         Javelin           |       |       |    18 ||    18
    Use: Scroll            |     5 |     5 |     9 ||    19
         Potion            |     2 |     1 |     1 ||     4
 Armour: Scale mail        |    36 |    46 |       ||    82
         Chain mail        |       |     2 |    89 ||    91
  Dodge: Dodged            |    50 |    87 |   108 ||   245
  Block: Buckler           |    13 |    17 |    31 ||    61

Table legend:
 A = Non-vault XP
 B = Vault XP
 C = Vault XP percentage of total XP
 D = Non-vault monster count
 E = Vault monster count
 F = Vault count percentage of total count
                 A         B        C        D         E       F
            +---------+---------+-------+---------+---------+-------
      Total |    2136 |     412 |  16.2 |     111 |      17 |  13.3
            +---------+---------+-------+---------+---------+-------
        D:1 |      41 |       0 |   0.0 |      23 |       0 |   0.0
        D:2 |      25 |       6 |  19.4 |      11 |       2 |  15.4
        D:3 |      28 |      16 |  36.4 |      11 |       7 |  38.9
        D:4 |     268 |     124 |  31.6 |      20 |       1 |   4.8
        D:5 |     696 |     202 |  22.5 |      14 |       1 |   6.7
        D:6 |     783 |       0 |   0.0 |      16 |       0 |   0.0
        D:7 |     292 |      64 |  18.0 |      15 |       6 |  28.6
        D:8 |       3 |       0 |   0.0 |       1 |       0 |   0.0
            +---------+---------+-------+---------+---------+-------
